 Dungeon Crawl Stone Soup version 0.28-a0-537-g3bccd9ccbf (webtiles) character file.

Game seed: 4719107869724367988

38 runemasterragnar the Magician (level 3, -1/27 HPs)
             Began as a Djinni Earth Elementalist on Sept 28, 2021.
             Was a Plaything of Xom.
             Slain by an ufetubus (2 damage)
             ... summoned by Xom
             ... on level 1 of the Dungeon.
             The game lasted 00:02:46 (1490 turns).

runemasterragnar the Magician (DjEE)                Turns: 1490, Time: 00:02:46

Health: -1/27      AC:  3    Str:  8    XL:     3   Next: 65%
Gold:   24         EV: 12    Int: 16    God:    Xom [.*....] SH:  0 Dex: 13

rFire   + + .      SeeInvis .   j - +0 whip
rCold   x . .      Faith    .   (no shield)
rNeg    . . .      Spirit   .   b - +0 robe
rPois   ∞          Reflect  .   (no helmet)
rElec   .          Harm     .   (no cloak)
rCorr   .          Rampage  .   i - +0 pair of gloves
Will    .....                   (boots unavailable)
Stlth   ++........              (no amulet)
HPRegen 0.09/turn               (no ring)
MPRegen 0.00/turn               (no ring)

@: flying
A: sickness immunity, fire resistance 2, cold vulnerability 1, float, innate
caster, hp casting, extra vitality 1
a: Renounce Religion


You were on level 1 of the Dungeon.
You worshipped Xom.
You were a plaything of Xom.
You visited 1 branch of the dungeon, and saw 2 of its levels.

You collected 24 gold pieces.

Inventory:

Hand Weapons
 j - a +0 whip (weapon)
Missiles
 c - 21 stones
Armour
 b - a +0 robe (worn)
 i - a +0 pair of gloves (worn)
Scrolls
 d - 3 scrolls of teleportation {unknown}
 f - a scroll of identify {unknown}
 g - a scroll of immolation {unknown}
 h - a scroll of enchant armour {unknown}
 k - a scroll of magic mapping {unknown}
 l - a scroll of fear {unknown}
Potions
 a - a potion of degeneration {unknown}
 e - a potion of brilliance {unknown}
 m - a potion of flight {unknown}


   Skills:
 + Level 1.1 Fighting
 + Level 2.6 Dodging
 + Level 2.0 Stealth
 * Level 2.9 Spellcasting


You couldn't memorise any spells.
You knew the following spells:

 Your Spells              Type           Power      Damage    Failure   Level
a - Sandblast             Erth           22%        2d7       6%          1
b - Passwall              Tmut/Erth      9%         N/A       9%          2
c - Stone Arrow           Conj/Erth      22%        3d8       17%         3
d - Petrify               Tmut/Erth      11%        N/A       50%         4
e - Summon Small Mammal   Summ           44%        N/A       6%          1
Your spell library was empty.

Dungeon Overview and Level Annotations

Branches:
Dungeon (2/15)

Altars:
Xom


Innate Abilities, Weirdness & Mutations

You are immune to sickness and miasma.
You are immune to poison.
Your flesh is very heat resistant. (rF++)
You are vulnerable to cold. (rC-)
You float through the air rather than walking.
You learn spells naturally, not from books.
Your magical power is your life essence.
You have superior vitality. (+4 HP)


Message History

Casting: Sandblast (safe; 6% risk of failure)
Confirm with . or Enter, or press ? or * to list all spells.
Aiming: Sandblast (safe; 6% risk of failure)
Press: ? - help, Shift-Dir - straight line, f/p - frilled lizard
Aim: a frilled lizard (heavily wounded, 66% to hit)
The blast of sand hits the frilled lizard!
You kill the frilled lizard!
The ball python hisses angrily.
* * * LOW HITPOINT WARNING * * *
The rat bites you.
* * * LOW HITPOINT WARNING * * *
Casting: Sandblast (safe; 6% risk of failure)
Confirm with . or Enter, or press ? or * to list all spells.
Aiming: Sandblast (safe; 6% risk of failure)
Press: ? - help, Shift-Dir - straight line, f - rat
Aim: a rat (79% to hit)
The blast of sand hits the rat!
You kill the rat!
* * * LOW HITPOINT WARNING * * *
Unknown command.
Unknown command.
You fly upwards.
There is a stone staircase leading down here.
You start resting. "Fight to survive, mortal."
There are monsters nearby!
There are monsters nearby!
You closely miss the ufetubus.
The ufetubus hits you but does no damage. x2
The white imp gestures at you. The puff of frost hits you!
You feel a terrible chill!
* * * LOW HITPOINT WARNING * * *
A shower of butterflies erupts from you!
The ufetubus closely misses you.
The ufetubus hits you but does no damage.
You closely miss the white imp. The ufetubus closely misses you.
The ufetubus barely misses you. The white imp closely misses you.
You barely miss the white imp. The ufetubus hits you.
You die... "What!?
That's it?"

# #.### #### #.# ...#
#.# #### #.# # #.#
###########.#
............#
#######################
............b..5@5b...#
#######################
# #


You could see a white imp (summoned, ally target) and an ufetubus (summoned).

Vanquished Creatures
  A hound skeleton (D:2)
  An endoplasm (D:1)
  3 goblins (D:1)
  6 hobgoblins (D:1)
  A quokka (D:1)
  5 ball pythons (D:1)
  3 frilled lizards
  A kobold (D:1)
  4 rats
25 creatures vanquished.

Notes
Turn   | Place    | Note
-------+----------+-------------------------------------------
     0 | D:1      | runemasterragnar the Djinni Earth Elementalist began the
                  | quest for the Orb.
     0 | D:1      | Reached XP level 1. HP: 15/15 MP: 0/0
    97 | D:1      | Reached XP level 2. HP: 15/22 MP: 0/0
   301 | D:1      | Found a faded altar of an unknown god.
   328 | D:1      | Became a worshipper of Xom the Fickle
   622 | D:1      | XOM: divination: detect creatures
   665 | D:1      | XOM: polymorph giant cockroach -> quokka
   941 | D:1      | XOM is BORED!
  1044 | D:1      | Reached XP level 3. HP: 25/26 MP: 0/0
  1044 | D:1      | Learned a level 1 spell: Summon Small Mammal
  1404 | D:2      | Reached skill level 1 in Fighting
  1486 | D:1      | XOM: summons 2 hostile demons
  1488 | D:1      | HP: 1/27 [white imp/puff of frost[Xom] (10)]
  1488 | D:1      | XOM: butterfly on damage
  1490 | D:1      | Slain by an ufetubus

Illustrated notes

Levels and vault maps discovered:
D:1:      amcnicky_arrival_wind_blow, layout_basic, serial_bayou,
          serial_bayou_lake_a, serial_bayou_lagoon_b, serial_bayou_shore_a,
          serial_bayou_pond_b, hellmonk_ecumenical_altar_arch_garden
D:2:      layout_rooms, basic_altar, st_stairs_12, uniq_robin

Skill      XL: |  1  2  3 |
---------------+----------+-----
Fighting       | 1 |  1.1
Stealth        | 2 |  2.0
Dodging        | |  2.6
Spellcasting   | |  2.9

Action                   || total
-------------------------++-------
Melee: Whip              ||    40
       Unarmed           ||     5
 Cast: Sandblast         ||    27
       Stone Arrow       ||     2
 Stab: Sleeping          ||     1
Armor: Robe              ||    16
Dodge: Dodged            ||    33

Table legend: (Time is in decaauts)
 A = Elapsed time spent in this place.
 B = Non-inter-level travel time spent in this place.
 C = Inter-level travel time spent in this place.
 D = Time resting spent in this place.
 E = Time spent auto-exploring this place.
 F = Levels seen in this place.
 G = Mean time per level.
                   A        B        C        D        E       F      G
               +--------+--------+--------+--------+--------+-----+--------+
         Total |   1493 |   1493 |      0 |     69 |   1200 |   2 |  746.5 |
       Dungeon |   1493 |   1493 |      0 |     69 |   1200 |   2 |  746.5 |
               +--------+--------+--------+--------+--------+-----+--------+

Top non-repeatable levels by time:
     D:1: 1469 daAuts
     D:2: 24 daAuts
